 Dungeon Crawl Stone Soup version 0.27.0-1-g7a089689b8 (webtiles) character file.

Game seed: 10955790341351050545

1399 Acheron the Ruffian (level 8, -3/64 (72) HPs)
             Began as a Troll Air Elementalist on Aug 12, 2021.
             Was a Priest of Jiyva.
             Slain by a wight (10 damage)
             ... on level 9 of the Dungeon.
             The game lasted 00:32:28 (6088 turns).

Acheron the Ruffian (Troll Air Elementalist)        Turns: 6088, Time: 00:32:28

HP:   -3/64 (72)    AC:  5    Str: 17    XL:     8   Next: 41%
MP:   8/10          EV: 10    Int: 11    God:    Jiyva [***...]
Gold: 218           SH:  5    Dex: 12    Spells: 8/11 levels left

rFire    + + .     SeeInvis .     - Unarmed
rCold    + . .     Faith    .   (no shield)
rNeg     . . .     Spirit   .   a - +1 robe
rPois    +         Reflect  +   (helmet restricted)
rElec    +         Harm     .   (no cloak)
rCorr    +         Rampage  .   (gloves unavailable)
Will     .....                  (boots unavailable)
Stlth    +++.......             e - amulet of reflection
HPRegen  1.20/turn              b - +4 ring of slaying
MPRegen  0.12/turn              k - ring of protection from fire

@: resistant, heavily drained
A: large, unfitting armour, claws 3, regeneration 1, shaggy fur 1, tough skin 1,
translucent skin 1
a: Renounce Religion, Request Jelly


You were on level 9 of the Dungeon.
You worshipped Jiyva.
Jiyva was most pleased with you.
You visited 2 branches of the dungeon, and saw 11 of its levels.
You also visited: Ossuary.

You collected 218 gold pieces.

Inventory:

Hand Weapons
 d - a +0 whip of electrocution
 j - a +3 spear of venom
 p - a +0 broad axe
 w - a +0 short sword
Missiles
 i - 141 stones
 q - 5 atropa-tipped darts
 A - 3 poisoned darts
Armour
 a - a +1 robe (worn)
Jewellery
 b - a +4 ring of slaying (left claw)
 e - an amulet of reflection (around neck)
 k - a ring of protection from fire (right claw)
 n - a ring of resist corrosion
Wands
 g - a wand of mindburst (14)
Scrolls
 c - 2 scrolls of enchant weapon
 h - 2 scrolls of enchant armour
 l - a scroll of fog {unknown}
 m - a scroll of holy word {unknown}
 s - a scroll of teleportation {unknown}
 u - 2 scrolls of fear
 v - a scroll of silence
 x - a scroll of amnesia
 y - a scroll of immolation {unknown}
Potions
 f - a potion of resistance
 o - a potion of mutation
 r - 2 potions of heal wounds {unknown}
 t - a potion of attraction {unknown}
 z - a potion of might {unknown}
 B - 2 potions of magic {unknown}
 C - 3 potions of curing {unknown}


   Skills:
 * Level 2.1 Fighting
 * Level 3.2 Dodging
 * Level 2.1 Stealth
 * Level 1.7 Shields
 * Level 5.7 Unarmed Combat
 * Level 2.3 Spellcasting
 * Level 2.4 Conjurations
 * Level 2.8 Air Magic
 * Level 0.7 Evocations


You had 8 spell levels left.
You knew the following spells:

 Your Spells              Type           Power      Damage    Failure   Level
a - Shock                 Conj/Air       28%        1d4       10%         1
b - Static Discharge      Conj/Air       7%         N/A       14%         2

Your spell library contained the following spells:

 Spells                   Type           Power      Damage    Failure   Level
 Swiftness                Air            7%         N/A       26%         3
 Airstrike                Air            3%         N/A       65%         4


Dungeon Overview and Level Annotations

Branches:
Dungeon (10/15)            Temple (1/1) D:6         Ossuary (visited)
   Lair: D:8-11         Orc: D:9-12

Altars:
Cheibriados
Dithmenos
Elyvilon
Fedhas
Gozag
Hepliaklqana
Kikubaaqudgha
Makhleb
Okawaru
Qazlal
Ru
Sif Muna
Trog
Uskayaw
Vehumet
Wu Jian
Yredelemnul
Zin
The Shining One
Jiyva

Annotations:
D:7 Duvessa, Joseph


Innate Abilities, Weirdness & Mutations

You are too large for most types of armour.
You have claws for hands.
Your natural rate of healing is unusually fast.
You are covered in fur. (AC +1)
You have tough skin. (AC +1)
Your translucent skin slightly reduces your foes' accuracy. (Stealth+)


Message History

The killer bee stings you but does no damage.
The wight closely misses you.
You miss the killer bee.
You feel sick. You block the killer bee's attack.
The killer bee closely misses you. You block the wight's attack.
You claw the killer bee!
The killer bee is almost dead.
You feel sick. You block the killer bee's attack. The killer bee stings you!
The wight hits you with a +1 falchion of draining.
You feel drained.
You miss the killer bee.
The killer bee is almost dead.
You feel sick.
The killer bee stings you but does no damage.
The wight hits you from afar with a +0 spear.
The killer bee stings you. You block the wight's attack.
You feel sick. The killer bee barely misses you.
The wight hits you from afar with a +0 spear.
The killer bee misses you. The wight closely misses you.
You barely miss the wight.
The wight is heavily damaged.
You feel sick. The killer bee barely misses you.
The wight hits you from afar with a +0 spear!
* * * LOW HITPOINT WARNING * * *
You feel drained.
* * * LOW HITPOINT WARNING * * *
The killer bee stings you but does no damage.
The wight barely misses you.
Okay, then.
You feel protected.
You feel sick.
You are no longer poisoned.
The killer bee barely misses you. The wight completely misses you.
The killer bee closely misses you.
The wight hits you with a +1 falchion of draining.
* * * LOW HITPOINT WARNING * * *
You feel drained.
* * * LOW HITPOINT WARNING * * *
The killer bee barely misses you.
The wight hits you from afar with a +0 spear!
You die...

.# .# # . .)# #. .. ..
....# #.. ... #. ##....##
#.##... #.##....y.
#..##..(#.z#....#
##########.J###z...#....#
#.(.....# #.z@####.#....#
#.......# ###.yzz..#....#
#.......##.#####.....#
#..........#.>.#####.#
#....<..# #...# ##.#
#.#.....# #...# ##..#
#^#.....# #...# #..##
#8#.....# ##..# #.##
#^##.########.####.#


You could see a killer bee, 3 wights and a neutral jelly (wandering) (fellow
slime).

Vanquished Creatures
  A wraith (D:5)
  A necrophage (D:5)
  A sky beast (D:5)
  A centaur (D:9)
  2 kobold brigands
  An elf zombie (Ossuary)
  A scorpion (D:4)
  An electric eel (D:7)
  3 howler monkeys (D:9)
  A wight (D:9)
  3 centaur zombies
  A human zombie (Ossuary)
  2 orc priests (D:3)
  An iguana (D:5)
  4 orc wizards
  A hound skeleton (D:4)
  2 mummies (Ossuary)
  A howler monkey zombie (D:5)
  A gnoll (D:7)
  An adder (D:2)
  2 ufetubi (D:5)
  An adder zombie (Ossuary)
  An adder skeleton (D:4)
  A worm (D:3)
  4 dart slugs
  8 orcs
  5 endoplasms
  8 giant cockroaches
  7 goblins
  3 hobgoblins
  9 jackals
  4 quokkas
  3 ball pythons
  5 bats
  2 frilled lizards
  3 goblin zombies (Ossuary)
  12 hobgoblin zombies (Ossuary)
  3 jackal zombies (Ossuary)
  10 kobolds
  5 kobold zombies (Ossuary)
  4 orc zombies (Ossuary)
  4 rats
  A rat zombie (Ossuary)
135 creatures vanquished.

Vanquished Creatures (others)
  A troll (D:6)
  Sigmund (D:5)
  A water moccasin (D:7)
  An ice beast (D:6)
  A phantom (D:7)
  A kobold brigand (D:7)
  3 bullfrogs
  A gnoll sergeant (D:6)
  9 jellies
  A bullfrog zombie (D:5)
  A hound (D:7)
  A gnoll shaman (D:7)
  An orc wizard (D:5)
  6 gnolls
  2 endoplasms (D:7)
  4 orcs
  3 kobolds (D:7)
  5 fungi (D:7)
  6 plants (D:7)
  12 toadstools
61 creatures vanquished.

Grand Total: 196 creatures vanquished

Notes
Turn   | Place    | Note
-------+----------+-------------------------------------------
     0 | D:1      | Acheron the Troll Air Elementalist began the quest for the
                  | Orb.
     0 | D:1      | Reached XP level 1. HP: 16/16 MP: 1/1
    53 | D:2      | Reached XP level 2. HP: 24/24 MP: 3/3
   468 | D:1      | Learned a level 2 spell: Static Discharge
   566 | D:1      | Reached skill level 1 in Unarmed Combat
   570 | D:1      | Reached XP level 3. HP: 28/32 MP: 4/4
   584 | D:1      | Reached skill level 1 in Conjurations
   844 | D:2      | Found a burning altar of Makhleb.
  1269 | D:3      | Reached skill level 2 in Unarmed Combat
  1269 | D:3      | Reached XP level 4. HP: 17/40 MP: 5/5
  1278 | D:3      | Reached XP level 5. HP: 18/46 MP: 6/6
  1701 | D:3      | Reached skill level 3 in Unarmed Combat
  1769 | D:3      | Found a glowing silver altar of Zin.
  2028 | D:3      | Reached skill level 1 in Fighting
  2270 | D:3      | Found a hide-covered altar of Uskayaw.
  2422 | D:5      | Entered Level 5 of the Dungeon
  3131 | D:5      | Noticed a sky beast
  3133 | D:5      | Killed a sky beast
  3134 | D:5      | Reached XP level 6. HP: 55/55 MP: 7/7
  3804 | D:4      | Found a faded altar of an unknown god.
  3804 | D:4      | Found a faded altar of an unknown god.
  3804 | D:4      | Found a hazy altar of Hepliaklqana.
  3806 | D:4      | Found a faded altar of an unknown god.
  3817 | D:4      | Became a worshipper of Jiyva Jiorerr the Shapeless
  3817 | D:4      | Reached * piety under Jiyva
  4163 | D:5      | Found a glowing golden altar of the Shining One.
  4217 | D:6      | Noticed an ice beast
  4327 | D:5      | Reached XP level 7. HP: 52/62 MP: 9/9
  4483 | D:6      | Reached skill level 1 in Shields
  4530 | D:6      | Reached ** piety under Jiyva
  4546 | D:6      | Found a sand-covered staircase.
  4551 | Ossuary  | Entered an ossuary
  4686 | Ossuary  | Reached skill level 4 in Unarmed Combat
  4825 | D:6      | Noticed a troll
  4863 | D:5      | Noticed Sigmund
  4865 | D:5      | Noticed a wraith
  4876 | D:5      | Killed a wraith
  4977 | D:5      | Killed Sigmund
  5206 | D:6      | Killed a troll
  5207 | D:6      | Reached skill level 5 in Unarmed Combat
  5207 | D:6      | Reached XP level 8. HP: 30/72 MP: 10/10
  5257 | D:6      | Found a blossoming altar of Fedhas.
  5465 | D:6      | Found a staircase to the Ecumenical Temple.
  5476 | Temple   | Entered the Ecumenical Temple
  5584 | D:7      | Noticed Joseph
  5757 | D:7      | Reached *** piety under Jiyva
  5771 | D:7      | Gained mutation: Your translucent skin slightly reduces
                  | your foes' accuracy. (Stealth+) [Jiyva's grace]
  5773 | D:7      | Noticed Duvessa
  6019 | D:10     | Entered Level 10 of the Dungeon
  6088 | D:9      | Slain by a wight

Illustrated notes

Levels and vault maps discovered:
D:1:      ldierk_water_garden, layout_basic, minmay_tall_x
D:2:      layout_rooms, basic_altar, minmay_door_square,
          minmay_misc_feat_more_columns
D:3:      cheibrodos_old_hovel, layout_basic,
          mainiacjoe_overflow_surrounded_room, overflow_temple_1_default
D:4:      layout_loops_corners, nicolae_hepliaklqana_ecumenical_no_more
D:5:      layout_basic, tso_metal_star, uniq_sigmund
D:6:      layout_loops_ring, kennysheep_mini_moat, minmay_temple_entry_waves,
          enter_ossuary_2, minmay_misc_feat_tiny
D:7:      cheibrodos_fertilizer, layout_cave_pods, mainiacjoe_overflow_brackets,
          serial_bayou_lagoon_a, uniq_duvessa, uniq_joseph
D:8:      layout_basic
D:9:      minmay_evil_eye, layout_rooms, lemuel_crystal_altar,
          brannock_xom_greatest_gift, minmay_misc_feat_enclosed,
          ebering_dispersal_statue_hall, minmay_mirror_moons_of_madness,
          uniq_pikel
D:10:     layout_cave_pods, grunt_lair_entry_orc_guard_hut,
          nicolae_blasting_shop
Temple:   eino_temple_lava

Skill      XL: |  1  2  3  4  5  6  7 |
---------------+----------------------+-----
Unarmed Combat | 1 2 3 5 |  5.7
Conjurations   | 1 2 |  2.4
Dodging        | 2 3 |  3.2
Fighting       | 1 2 |  2.1
Spellcasting   | 2 |  2.3
Shields        | 1 |  1.7
Stealth        | 2 |  2.1
Air Magic      | |  2.8
Evocations     | |  0.7

Action                   |  1- 3 |  4- 6 |  7- 9 || total
-------------------------+-------+-------+-------++-------
Melee: Unarmed           |    79 |    64 |   175 ||   318
       Punch             |       |     1 |     2 ||     3
 Cast: Shock             |    16 |    49 |     4 ||    69
Invok: Request Jelly     |       |       |     1 ||     1
Evoke: Wand              |       |       |     3 ||     3
  Use: Scroll            |       |     4 |     5 ||     9
       Potion            |       |       |     1 ||     1
 Stab: Sleeping          |     1 |     2 |     2 ||     5
Armor: Robe              |    39 |    22 |    39 ||   100
Dodge: Dodged            |    59 |    21 |    90 ||   170
Block: Other             |    19 |     6 |    45 ||    70
       Reflection        |     1 |       |       ||     1
